[Event "44th Chess Olympiad Open 2022"]
[Site "Chennai"]
[Date "2022.08.08"]
[Round "10.62"]
[White "Antoniou, Rafail"]
[Black "Nor, Mohamed Ahmed"]
[Result "1-0"]
[WhiteElo "1817"]
[BlackElo "1907"]
[Annotator "NA RC"]
[PlyCount "83"]
[EventDate "2022.??.??"]
[TimeControl "60"]

1. e4 c5 2. c3 d6 3. d4 cxd4 4. cxd4 Nf6 5. Nc3 g6 6. Be3 Bg7 7. f3 a6 8. Qd2 Nc6 9. h4 b5 10. O-O-O Bd7 11. g4 Qc7 12. Kb1 O-O-O 13. Rc1 Kb7 14. d5 e5 15. dxc6+ Bxc6 16. Nxb5 axb5 17. Bxb5 Bxb5 18. Rxc7+ Kxc7 19. Qa5+ Kd7 20. Qxb5+ Ke7 21.
Ne2 Rb8 22. Qd3 Rb7 23. Rd1 Rd8 24. Nc3 Kf8 25. Qa6 Rdb8 26.
Qxd6+ Kg8 27. Rd2 Ne8 28. Qd3 Bf8 29. Nd5 Kg7 30. h5 gxh5 31.
gxh5 h6 32. Rg2+ Kh7 33. f4 f6 34. fxe5 fxe5 35. Qa6 Bg7 36.
Qg6+ Kg8 37. Bxh6 Rf7 38. Bxg7 Rxg7 39. Qxg7+ Nxg7 40. h6 Rf8 41. Ne7+ Kf7 42. hxg7 1-0

[Event "44th Chess Olympiad Open 2022"]
[Site "Chennai"]
[Date "2022.08.08"]
[Round "10.63"]
[White "Rakotomaharo, Fy Antenaina"]
[Black "Hasford, John Kojo"]
[Result "1-0"]
[WhiteElo "2490"]
[BlackElo "1976"]
[Annotator "RC"]
[PlyCount "65"]
[EventDate "2022.??.??"]
[TimeControl "60"]

1. e4 g6 2. d4 d6 3. Nc3 Bg7 4. Be3 Nf6 5. Nf3 a6 6. a4 Nc6 7. Bc4 O-O 8. O-O e5 9. dxe5 Nxe5 10. Nxe5 dxe5 11. a5 Qe7 12. Qe2 Be6 13. Ra3 Rad8 14. Rb3 Bc8 15. f3 c6 16. Bb6 Rde8 17. Na4 Nd7 18. Be3 Kh8 19. Rd1 f5 20. Rbd3 fxe4 21. fxe4 Qb4 22. b3 Qxa5 23. Rxd7 Bxd7 24. Rxd7 b5 25. Bd2 b4 26. Be3 Rb8 27. Ba7 Rb5 28. Qd2 Rf6 29. Rd8+ Rf8 30. Rxf8+ Bxf8 31. Qd7 Bc5+ 32. Bxc5 Rxc5 33. Qe7 1-0

[Event "44th Chess Olympiad Open 2022"]
[Site "Chennai"]
[Date "2022.08.08"]
[Round "10.63"]
[White "Razanadrakotoarisoa, Toavina"]
[Black "Anhwere, Bernard"]
[Result "1-0"]
[WhiteElo "2039"]
[BlackElo "1890"]
[Annotator "NA RC"]
[PlyCount "57"]
[EventDate "2022.??.??"]
[TimeControl "60"]

1. e4 c5 2. Nf3 d6 3. d4 cxd4 4. Nxd4 Nf6 5. Nc3 a6 6. a4 e5 7. Nf3 Bg4 8. Bg5 Be7 9. Bxf6 Bxf6 10. Nd5 Nc6 11. c3 O-O 12. Be2 Rc8 13.
Nd2 Be6 14. Nc4 Bxd5 15. Qxd5 Be7 16. O-O Kh8 17. Rad1 f5 18. exf5 Rf6 19. b4 Qc7 20. b5 axb5 21. axb5 Na5 22. b6 Qc5 23. Nxa5 Qxb6 24. Rb1 Qc5 25. Qxc5 Rxc5 26. Rxb7 Bf8 27. Nc4 Rxf5 28. Rd1 d5 29. Ne3 1-0

[Event "44th Chess Olympiad Open 2022"]
[Site "Chennai"]
[Date "2022.08.08"]
[Round "10.63"]
[White "Adu-Poku, Kwabena"]
[Black "Andrianiaina, Heritiana"]
[Result "0-1"]
[WhiteElo "1974"]
[BlackElo "2095"]
[Annotator "NA RC"]
[PlyCount "124"]
[EventDate "2022.??.??"]
[TimeControl "60"]

1. d4 Nf6 2. c4 e6 3. Nf3 Bb4+ 4. Bd2 Qe7 5. a3 Bxd2+ 6. Nbxd2 d6 7. e4 e5 8. d5 O-O 9. Bd3 a5 10. Qc2 a4 11. O-O Bg4 12. Rfc1 Nbd7 13. h3 Bxf3 14. Nxf3 Nc5 15. Nd2 Nh5 16. b4 axb3 17. Nxb3 Nxb3 18. Qxb3 b6 19. g3 Ra5 20. a4 Nf6 21. Bc2 Nd7 22. Rcb1 Nc5 23.
Qc3 Rfa8 24. Rb5 R5a6 25. Rb4 g6 26. Kg2 Kg7 27. Qd2 Qd7 28.
Qd1 Kh8 29. Qg4 Qxg4 30. hxg4 Kg7 31. f4 exf4 32. gxf4 g5 33.
f5 Nd7 34. Bd3 Nf6 35. Kf3 h5 36. gxh5 Nxh5 37. c5 dxc5 38. Bxa6 cxb4 39. Bb5 Kf6 40. Rb1 Ke5 41. Rxb4 Nf6 42. Bd3 Nd7 43. Rc4 Nc5 44. Bc2 f6 45. Kg3 Kd6 46. Kf3 Rh8 47. Kg3 Rh1 48. Kg4 Ra1 49. Kh5 Ra3 50. Kg4 Ke5 51. Kh5 Ra1 52. Kg4 Rc1 53. a5 Kd6 54. axb6 cxb6 55. Kh5 b5 56. Rc3 b4 57. Rc4 b3 58. Bxb3 Nxb3 59. Rb4 Nc5 60.
Rb6+ Ke5 61. Kg6 Nxe4 62. d6 Nxd6 0-1

[Event "44th Chess Olympiad Open 2022"]
[Site "Chennai"]
[Date "2022.08.08"]
[Round "10.63"]
[White "Adu Jnr, Lionel"]
[Black "Rakotomaharavo, Dylan"]
[Result "0-1"]
[WhiteElo "1824"]
[BlackElo "1948"]
[Annotator "NA RC"]
[PlyCount "96"]
[EventDate "2022.??.??"]
[TimeControl "60"]

1. d4 Nf6 2. Nf3 d5 3. g3 e6 4. Bg2 Be7 5. O-O O-O 6. c4 c6 7. Nc3 Nbd7 8. cxd5 exd5 9. a3 Bd6 10. Bg5 h6 11. Bxf6 Nxf6 12. e3 Bf5 13. b4 Qe7 14. Qb3 b5 15. Rfc1 a5 16. Na2 Bd7 17. Ne1 Ne4 18.
Nd3 Nd2 19. Qc3 Nc4 20. Nc5 Bf5 21. Re1 axb4 22. Nxb4 Bxc5 23. dxc5 Qxc5 24. e4 d4 25. Qf3 Bd7 26. Rec1 Rfc8 27. Qd3 Be6 28. Kh1 Qf8 29. e5 c5 30. Nd5 Rab8 31. Qe2 Qd8 32. Nf4 Bf5 33. Nd3 Bxd3 34. Qxd3 Nxe5 35. Qf5 Qf6 36. Bh3 Qxf5 37. Bxf5 Rc7 38. f4 Nc4 39. a4 Ne3 40. Be4 f5 41. Bf3 bxa4 42. Rxa4 d3 43. Re1 Re7 44. Ra3 c4 45. Rc3 Kf8 46. Kg1 Rb2 47. Bd1 Rb1 48. Kf2 Nxd1+ 0-1

[Event "44th Chess Olympiad Open 2022"]
[Site "Chennai"]
[Date "2022.08.08"]
[Round "10.64"]
[White "Alfaro, William"]
[Black "Ebosse Kingue Victor Patrick"]
[Result "1-0"]
[WhiteElo "2155"]
[BlackElo "2054"]
[Annotator "NA RC"]
[PlyCount "65"]
[EventDate "2022.??.??"]
[TimeControl "60"]

1. e4 c5 2. d4 cxd4 3. c3 dxc3 4. Nxc3 Nc6 5. Nf3 Nf6 6.
Bc4 e6 7. e5 Ng4 8. Qe2 d5 9. Bb5 Bd7 10. h3 Nh6 11. Bxh6 gxh6 12. O-O Bg7 13. Rad1 Qc7 14. Rfe1 O-O 15. Bd3 a6 16. Bb1 Ne7 17. Rc1 Rfc8 18. Nxd5 Qxc1 19. Nxe7+ Kf8 20. Nxc8 Qxc8 21. Bxh7 Qc5 22. Qd2 Bc6 23. Be4 Bxe4 24. Rxe4 Rc8 25. Kh2 Ke8 26. Qf4 Qxf2 27. Qg4 Kf8 28. Rf4 Qb6 29. Qg6 Rc7 30. Qd3 Rc5 31. Qd7 f5 32. exf6 Bh8 33. Qe7+ 1-0

[Event "44th Chess Olympiad Open 2022"]
[Site "Chennai"]
[Date "2022.08.08"]
[Round "10.64"]
[White "Salazar Cabezas, Alberto Javier"]
[Black "Zebaze Dongmo Loic Dylane"]
[Result "1-0"]
[WhiteElo "2155"]
[BlackElo "1837"]
[Annotator "NA RC"]
[PlyCount "99"]
[EventDate "2022.??.??"]
[TimeControl "60"]

1. Nf3 Nf6 2. c4 e6 3. g3 d5 4. Bg2 Be7 5. O-O O-O 6. b3 c5 7. Bb2 Nc6 8. e3 Qc7 9. Nc3 a6 10. cxd5 exd5 11. d4 cxd4 12. Nxd4 Rd8 13. Rc1 Qb6 14. Na4 Qa5 15. Rxc6 bxc6 16. Nxc6 Qc7 17. Nxd8 Qxd8 18. Bxf6 Bxf6 19. Qxd5 Qxd5 20. Bxd5 Ra7 21.
Rc1 Bh3 22. Nb6 g6 23. f3 Bd8 24. Nc4 Rd7 25. e4 Bf6 26. Kf2 Kg7 27. Rd1 a5 28. Nxa5 Ra7 29. b4 Bd8 30. Ke2 Bxa5 31. bxa5 Rxa5 32. Rc1 f5 33. Rc7+ Kf6 34. Rxh7 fxe4 35. fxe4 Bg4+ 36. Ke3 Be6 37. Bxe6 Kxe6 38. Kf4 Rxa2 39. Kg5 Ke5 40. Kxg6 Kxe4 41. Rf7 Rxh2 42. g4 Ke5 43. g5 Ke6 44. Rf1 Ke7 45. Kg7 Re2 46. g6 Re3 47. Kg8 Rg3 48.
g7 Rg2 49. Re1+ Kf6 50. Kf8 1-0

[Event "44th Chess Olympiad Open 2022"]
[Site "Chennai"]
[Date "2022.08.08"]
[Round "10.64"]
[White "Amba Oyon Marius Claude"]
[Black "Rocha, Maximiliano"]
[Result "0-1"]
[WhiteElo "1938"]
[BlackElo "2117"]
[Annotator "NA RC"]
[PlyCount "72"]
[EventDate "2022.??.??"]
[TimeControl "60"]

1. e4 e5 2. Nf3 Nc6 3. Bb5 a6 4. Ba4 Nf6 5. O-O b5 6. Bb3 Bc5 7. c3 d6 8. h3 Bb6 9. d3 Ne7 10. Ng5 O-O 11. Be3 c5 12. Nd2 h6 13.
Ngf3 Ng6 14. d4 Qc7 15. dxe5 dxe5 16. Bd5 Nxd5 17. exd5 f5 18. d6 Qxd6 19. Nb3 Qc6 20. c4 bxc4 21. Nbd2 f4 22. Nxc4 fxe3 23. Nxb6 Qxb6 24. Qd5+ Be6 25. Qe4 Bf5 26. Qxe3 Rae8 27. b3 Qf6 28. Rac1 Bxh3 29. Ne1 Bd7 30. Rxc5 Bb5 31. Rxb5 axb5 32. Nd3 Nf4 33. Nc5 e4 34. b4 Qg5 35. Qb3+ Kh8 36. g3 e3 0-1

[Event "44th Chess Olympiad Open 2022"]
[Site "Chennai"]
[Date "2022.08.08"]
[Round "10.65"]
[White "Willem Blijstra"]
[Black "Pereira, Sergio Murilo de Ar"]
[Result "0-1"]
[WhiteElo "2198"]
[BlackElo "2093"]
[Annotator "NA RC"]
[PlyCount "54"]
[EventDate "2022.??.??"]
[TimeControl "60"]

1. d4 d5 2. Nf3 Nf6 3. c4 dxc4 4. Nc3 a6 5. a4 Nc6 6. e3 Na5 7. Ne5 Be6 8. Be2 g6 9. O-O Bg7 10. b4 cxb3 11. Ba3 Nd7 12. Nd3 Bc4 13.
f4 b6 14. Rc1 O-O 15. Bf3 Rc8 16. Rf2 c5 17. d5 b5 18. axb5 axb5 19. Bb2 Bxd3 20. Qxd3 c4 21. Qb1 b4 22. Qa1 bxc3 23. Bxc3 Bxc3 24. Rxc3 Qb6 25. h4 Nc5 26. h5 Nd3 27. h6 b2 0-1

[Event "44th Chess Olympiad Open 2022"]
[Site "Chennai"]
[Date "2022.08.08"]
[Round "10.65"]
[White "Rurik Capella"]
[Black "Espirito Santo, Waldyr"]
[Result "1-0"]
[WhiteElo "1952"]
[BlackElo "1922"]
[Annotator "NA RC"]
[PlyCount "121"]
[EventDate "2022.??.??"]
[TimeControl "60"]

1. d4 Nf6 2. Bg5 e6 3. e4 Be7 4. e5 Nd5 5. Bd2 O-O 6. c4 Nb6 7. Bd3 f5 8. Nc3 d6 9. exd6 cxd6 10. f4 Nc6 11. Nf3 e5 12. d5 Nb4 13.
Be2 e4 14. Nd4 Bf6 15. Be3 Nd3+ 16. Bxd3 exd3 17. Qxd3 Re8 18. O-O Nxc4 19. Qxc4 Rxe3 20. Nc2 Re8 21. Kh1 Qb6 22. Rab1 Bd7 23. h3 Re7 24. Rfd1 Rc8 25. Qd3 Rce8 26. a3 a6 27. Nd4 Re3 28. Qd2 Bxd4 29. Qxd4 Re1+ 30. Kh2 Qxd4 31. Rxd4 R1e3 32. Rc4 R8e7 33. Kg1 Kf7 34. Kf2 Be8 35. Rc8 Rd3 36. Rd1 Rxd1 37. Nxd1 Re4 38. g3 Rd4 39. Ne3 Rd2+ 40. Kf3 Rxb2 41. Nxf5 Ba4 42. Nxd6+ Ke7 43. Nf5+ Kd7 44. Rg8 g6 45. Rg7+ Kd8 46. Nd4 Bd7 47. Rxh7 b5 48. g4 Ra2 49. f5 gxf5 50. gxf5 Rxa3+ 51. Ke4 Kc7 52. h4 b4 53. f6 Kd6 54. f7 Ke7 55. f8=Q+ Kxf8 56. Rxd7 Rh3 57. Nf5 a5 58. Ra7 Ra3 59. d6 Ke8 60. Ng7+ Kd8 61. Ne6+ 1-0

[Event "44th Chess Olympiad Open 2022"]
[Site "Chennai"]
[Date "2022.08.08"]
[Round "10.65"]
[White "Alegre, Fabio Costa"]
[Black "Ursus van Bemmelen"]
[Result "1/2-1/2"]
[WhiteElo "1809"]
[BlackElo "2145"]
[Annotator "NA RC"]
[PlyCount "110"]
[EventDate "2022.??.??"]
[TimeControl "60"]

1. c4 e5 2. Nc3 Bb4 3. e4 Bxc3 4. dxc3 d6 5. Bd3 h6 6. Ne2 Nd7 7. Be3 Ngf6 8. h3 Nc5 9. Bxc5 dxc5 10. Ng3 Qd6 11. Qb3 Qb6 12. Be2 Be6 13. Rd1 Qxb3 14. axb3 a5 15. f3 Ke7 16. Ra1 Rhd8 17. Bd1 c6 18. Rf1 g6 19. Rf2 b5 20. cxb5 cxb5 21. Rd2 Nd7 22. Bc2 b4 23. c4 Nb8 24. Rxd8 Kxd8 25. Nf1 Nc6 26. Ne3 Nd4 27. Kd2 Kc7 28. Re1 Kd6 29. Bd1 f5 30. Kd3 Rf8 31. Rf1 Rf7 32. Bc2 Rf8 33. Bd1 Bd7 34. g4 fxe4+ 35. fxe4 Rxf1 36. Nxf1 g5 37. Ne3 Bc6 38. Nf5+ Nxf5 39. gxf5 Be8 40. Ke3 Ke7 41. Be2 a4 42. bxa4 Bxa4 43. Kd2 Bb3 44. Kd3 Kf6 45. Bh5 Ba2 46. Be2 Bb1+ 47. Ke3 Bc2 48. Bh5 Ba4 49. Kd2 Bb3 50. Kd3 Kg7 51. Be2 Ba4 52. Bh5 Kf6 53. Kd2 Bc6 54. Ke3 Bd7 55. b3 Bc6 1/2-1/2

[Event "44th Chess Olympiad Open 2022"]
[Site "Chennai"]
[Date "2022.08.08"]
[Round "10.66"]
[White "Al-Hajiri, Bader"]
[Black "Ortega Amarelle, Mariano"]
[Result "0-1"]
[WhiteElo "2011"]
[BlackElo "2463"]
[Annotator "RC"]
[PlyCount "106"]
[EventDate "2022.??.??"]
[TimeControl "60"]

1. d4 Nf6 2. c4 e6 3. Nf3 d5 4. Bg5 dxc4 5. Qa4+ Nbd7 6. Nc3 Be7 7. e3 O-O 8. Qxc4 a6 9. Be2 b5 10. Qb3 c5 11. O-O h6 12. Bh4 c4 13.
Qc2 Bb7 14. Rfd1 Nd5 15. Bg3 N7f6 16. Nd2 Rc8 17. a3 Nb6 18. Bf3 Qd7 19. Nde4 Nxe4 20. Nxe4 Bd5 21. Nc5 Qa7 22. e4 Ba8 23. b4 cxb3 24. Qxb3 Nc4 25. a4 Bxc5 26. dxc5 Qxc5 27. axb5 axb5 28. Rab1 Bc6 29. e5 Bxf3 30. Qxf3 Rfd8 31. Rxd8+ Rxd8 32. h3 Nd2 33. Qd1 Rd4 34. Ra1 Qd5 35. Qc2 Rc4 36. Qb2 b4 37. Ra4 Qd4 38. Qxd4 Rxd4 39. f3 Rc4 40. Be1 b3 41. Ra8+ Kh7 42. Rb8 Rc1 43. Kf2 Rc2 44. Bxd2 Rxd2+ 45. Kg3 b2 46. f4 h5 47. Kf3 h4 48. g4 Rh2 49. Ke4 Kg6 50. Rb6 Rxh3 51. Rxb2 Rg3 52. g5 h3 53. f5+ Kxg5 0-1

[Event "44th Chess Olympiad Open 2022"]
[Site "Chennai"]
[Date "2022.08.08"]
[Round "10.66"]
[White "Rodriguez Guevara, Celia M."]
[Black "Al Ibrahim, Abdulrahman"]
[Result "0-1"]
[WhiteElo "1859"]
[BlackElo "1822"]
[Annotator "NA RC"]
[PlyCount "84"]
[EventDate "2022.??.??"]
[TimeControl "60"]

1. e4 e6 2. d4 d5 3. e5 c5 4. c3 Qb6 5. Nf3 Nc6 6. Bd3 Bd7 7. dxc5 Bxc5 8.
O-O a5 9. b3 Nge7 10. h4 h6 11. Qe2 O-O-O 12. a3 Qxb3 13. Nbd2 Qb6 14. Rb1 Qa7 15. Nb3 Bb6 16. Nbd4 Nxd4 17. Nxd4 Bxd4 18. cxd4 Bc6 19. Be3 Kd7 20. Bb5 Rb8 21. a4 Bxb5 22. Qxb5+ Nc6 23. Rfc1 Rhc8 24. Rc3 Qa6 25. Rc5 Qxb5 26. Rbxb5 b6 27. Rc1 Nb4 28. Rxc8 Kxc8 29. Bc1 Kb7 30. Ba3 Nc2 31. Bb2 Rc8 32. Rb3 Ka6 33. Rc3 Rxc3 34. Bxc3 b5 35. axb5+ Kxb5 36. Kf1 a4 37. Ke2 Kc4 38. Kd2 Kb3 39. g4 a3 40. f4 g6 41. f5 gxf5 42. g5 h5 0-1

[Event "44th Chess Olympiad Open 2022"]
[Site "Chennai"]
[Date "2022.08.08"]
[Round "10.66"]
[White "Teixeira, Gil"]
[Black "Hussain, Hashem"]
[Result "1/2-1/2"]
[WhiteElo "1741"]
[BlackElo "1757"]
[Annotator "NA RC"]
[PlyCount "107"]
[EventDate "2022.??.??"]
[TimeControl "60"]

1. e4 c5 2. Bc4 Nc6 3. Nf3 g6 4. O-O Bg7 5. d3 e6 6. a4 Nge7 7. Nc3 O-O 8. Bg5 f6 9. Bh4 d5 10. Ba2 Kh8 11. h3 d4 12. Nb5 a6 13.
Na3 e5 14. Nh2 g5 15. Bg3 f5 16. exf5 Nxf5 17. Qh5 Nb4 18. Bc4 Bd7 19. c3 Be8 20. Qe2 dxc3 21. bxc3 Nd5 22. Bxe5 Nxc3 23. Bxg7+ Nxg7 24. Qe5 Nxa4 25. Ng4 Qd4 26. Qxg5 b5 27. Bb3 Nc3 28. Qe3 Bg6 29. Ne5 Qxe3 30. Nxg6+ hxg6 31. fxe3 Nf5 32. Rf3 Rad8 33. Bc2 Kg7 34. Nb1 Nxb1 35. Bxb1 Rd6 36. g4 Ne7 37. Rxf8 Kxf8 38. e4 g5 39. Kf2 Ng6 40. Ke3 Ke7 41. Bc2 Ne5 42. Ra3 Rh6 43. Kd2 Kd7 44. Ra1 Kc7 45. Rf1 Rxh3 46. Rf5 Kd6 47. Rf6+ Kc7 48. Rxa6 Nxg4 49. Rg6 Ne5 50. Re6 Nf3+ 51. Kc3 Ne1 52. Re5 c4 53. Rxb5 cxd3 54. Bd1 1/2-1/2

[Event "44th Chess Olympiad Open 2022"]
[Site "Chennai"]
[Date "2022.08.08"]
[Round "10.66"]
[White "Alhejab, Meshal"]
[Black "Mirulla, David"]
[Result "0-1"]
[WhiteElo "1732"]
[BlackElo "1953"]
[Annotator "NA RC"]
[PlyCount "48"]
[EventDate "2022.??.??"]
[TimeControl "60"]

1. e4 e5 2. Nf3 Nc6 3. Bb5 a6 4. Ba4 Nf6 5. O-O Be7 6. Re1 b5 7. Bb3 O-O 8. c3 d5 9. exd5 Nxd5 10. Nxe5 Nxe5 11. Rxe5 Nf6 12. d4 Bd6 13. Re1 Ng4 14. g3 Nxh2 15. Bd5 Bg4 16. Qd3 Qf6 17. Kg2 Rae8 18. Rxe8 Rxe8 19. f3 Bf5 20. Be4 Qg6 21. g4 Rxe4 22. g5 Rg4+ 23. fxg4 Bxd3 24. Nd2 Qxg5 0-1

[Event "44th Chess Olympiad Open 2022"]
[Site "Chennai"]
[Date "2022.08.08"]
[Round "10.67"]
[White "Paiva, Donaldo"]
[Black "Maung, Maung Kyaw Zaw Hein"]
[Result "1/2-1/2"]
[WhiteElo "2191"]
[BlackElo "2121"]
[Annotator "RC"]
[PlyCount "123"]
[EventDate "2022.??.??"]
[TimeControl "60"]

1. d4 d5 2. c4 c6 3. Nf3 Nf6 4. Nc3 e6 5. e3 Nbd7 6. Qc2 Bd6 7. b3 O-O 8. Be2 b6 9. O-O Bb7 10. Rd1 Rc8 11. e4 e5 12. dxe5 Nxe5 13. Bg5 h6 14. Bh4 Ng6 15. Bg3 Re8 16. exd5 cxd5 17. Nd4 Ne5 18. Nf5 Bf8 19. Qb2 Qd7 20. Ne3 d4 21. Nb5 Ba8 22. Nxd4 Qb7 23. Bf1 Ne4 24. Nd5 Nxg3 25. hxg3 Rcd8 26. Nb5 Rc8 27. Re1 a6 28. Rxe5 Rxe5 29. Qxe5 axb5 30. Re1 bxc4 31. bxc4 b5 32. Ne3 bxc4 33. Rc1 c3 34. Rxc3 Qb2 35. Rc5 Qxe5 36. Rxe5 Bd6 37. Ra5 Be4 38. Bc4 Bc5 39. Bd5 Bxe3 40. Bxe4 Rc1+ 41. Kh2 Bc5 42. Ra8+ Bf8 43. Bd5 Rc7 44. a4 g6 45. a5 Kg7 46. a6 Bc5 47. f4 h5 48. f5 gxf5 49. Bf3 Bf2 50.
Bxh5 Ra7 51. Rxa7 Bxa7 52. Kh3 Kf6 53. Kh4 Ke6 54. Bd1 Be3 55.
Kh5 Kf6 56. Bb3 Ke7 57. Bd5 Kf6 58. Bb7 Ke7 59. Bc8 Kd8 60.
Bxf5 Kc7 61. Bg6 f6 62. Bd3 1/2-1/2

[Event "44th Chess Olympiad Open 2022"]
[Site "Chennai"]
[Date "2022.08.08"]
[Round "10.67"]
[White "Sai Han Thiha"]
[Black "Napoleao, Lourenco"]
[Result "1-0"]
[WhiteElo "1974"]
[BlackElo "1778"]
[Annotator "NA RC"]
[PlyCount "129"]
[EventDate "2022.??.??"]
[TimeControl "60"]

1. d4 d5 2. Bf4 c5 3. e3 Nc6 4. c3 Bf5 5. Nd2 e6 6. Ngf3 Qb6 7. Qb3 c4 8.
Qxb6 axb6 9. e4 dxe4 10. Ng5 Nf6 11. Bxc4 h6 12. Nh3 g5 13. Be3 Bd6 14. Ng1 Nd5 15. Ne2 Bg6 16. h4 Nxe3 17. fxe3 gxh4 18. Rxh4 Be7 19. Rh3 Bf5 20. Rh2 Bg5 21. Kf2 Rg8 22. Bb3 Ne7 23.
Nc4 Nc8 24. g3 b5 25. Na3 Nd6 26. c4 bxc4 27. Nxc4 Nxc4 28. Bxc4 Rc8 29. b3 Ke7 30. a4 b6 31. Rhh1 Bg4 32. Nf4 Bf3 33. Rh2 Rh8 34. a5 bxa5 35. Nh3 Ra8 36. Nxg5 hxg5 37. Rxh8 Rxh8 38. Rxa5 Rh2+ 39. Ke1 g4 40. Ra7+ Kf6 41. b4 Rg2 42. Bf1 Rb2 43. b5 Rb1+ 44. Kf2 Rb2+ 45. Ke1 Rb1+ 46. Kf2 Rb2+ 47. Kg1 Rb1 48. Ra2 Ke7 49. Kf2 Kd6 50.
Rc2 Kd7 51. Bc4 Rh1 52. Ra2 Rh2+ 53. Ke1 Rh1+ 54. Kd2 Kc7 55. Kc3 Kb6 56. Ra6+ Kb7 57. d5 Rd1 58. d6 f5 59. d7 f4 60. exf4 Rxd7 61. Rxe6 Rd1 62. Kb4 Rb1+ 63. Kc5 Kc7 64. f5 Rb2 65. f6 1-0

[Event "44th Chess Olympiad Open 2022"]
[Site "Chennai"]
[Date "2022.08.08"]
[Round "10.67"]
[White "Jamal, Hamid Harmon Gulamo"]
[Black "Myat Thiri Aung Kyaw"]
[Result "0-1"]
[WhiteElo "1617"]
[BlackElo "2120"]
[Annotator "NA RC"]
[PlyCount "141"]
[EventDate "2022.??.??"]
[TimeControl "60"]

1. e4 e5 2. Nf3 Nc6 3. Bc4 Bc5 4. c3 Nf6 5. d3 a6 6. Bb3 Ba7 7. O-O h6 8. Nbd2 O-O 9. Re1 d6 10. h3 Be6 11. Bc2 Qd7 12. Nf1 Rad8 13.
Ng3 Qc8 14. Nh2 d5 15. Qf3 dxe4 16. dxe4 Nh7 17. Nhf1 Rd7 18. Nf5 Qd8 19. N1g3 Kh8 20. a4 a5 21. Qe2 Bb6 22. b3 Rg8 23. Rd1 Rxd1+ 24. Bxd1 Qd7 25. Bc2 f6 26. h4 Qf7 27. Rb1 Rd8 28. Ba3 Nf8 29. h5 Nh7 30.
Nh4 Ng5 31. Ng6+ Kg8 32. Rd1 Qe8 33. Rd2 Bf7 34. Rxd8 Qxd8 35. Nh4 Ne6 36. Nhf5 Kh7 37. Qg4 Qd2 38. Qd1 Qxf2+ 39. Kh2 Nf4 40. Nh4 Bxh5 41. Qf1 Qxc2 42. Nxh5 Qxe4 43. Ng3 Qd3 44. Qe1 g6 45. Bc1 h5 46. Bxf4 exf4 47. Ne4 Kg7 48. Nf3 Qe3 49. Ned2 Qxe1 50. Nxe1 Ne5 51. b4 g5 52. Nb3 axb4 53. cxb4 Bf2 54. Nf3 Nd3 55. b5 Nc5 56. Nxc5 Bxc5 57. a5 Kg6 58. Ne1 Kf5 59. Nd3 Be3 60. Nb4 Ke4 61. a6 bxa6 62. bxa6 g4 63. Na2 h4 64. Nc3+ Ke5 65. Kh1 c6 66. Kh2 Ba7 67. Kh1 Kd4 68. Ne2+ Ke3 69. Ng1 c5 70. Kh2 c4 71. Kh1 0-1

[Event "44th Chess Olympiad Open 2022"]
[Site "Chennai"]
[Date "2022.08.08"]
[Round "10.67"]
[White "Zaw Ye Htut"]
[Black "Rafael Chirinza"]
[Result "0-1"]
[WhiteElo "1255"]
[BlackElo "1725"]
[Annotator "NA RC"]
[PlyCount "90"]
[EventDate "2022.??.??"]
[TimeControl "60"]

1. e4 c6 2. d4 d5 3. exd5 cxd5 4. Bd3 Nc6 5. c3 Nf6 6. Bf4 e6 7. Nf3 Bd6 8. Bxd6 Qxd6 9. Nbd2 a6 10. O-O O-O 11. Re1 b5 12. Ne5 Bb7 13.
Nb3 Ra7 14. Nc5 Ne7 15. a4 bxa4 16. Rxa4 Rfa8 17. Qe2 a5 18. Rea1 Qb6 19. b3 Nc8 20. R1a3 Nd6 21. f3 Bc6 22. Nxc6 Qxc6 23. Qa2 Nb7 24. Nxb7 Rxb7 25. Rxa5 Rab8 26. Rc5 Qd6 27. Ra8 g6 28. Qa3 Kg7 29. Rxb8 Qxb8 30. b4 Qf4 31. Qa6 Qe3+ 32. Kf1 Re7 33. Be2 e5 34. Qd3 Qc1+ 35. Qd1 Qe3 36. dxe5 Rxe5 37. Rc6 Nh5 38. g3 Kh6 39. b5 f5 40. Qd3 Qc1+ 41. Kg2 Qe1 42. Bd1 f4 43. Bc2 Re2+ 44. Kh3 Rxh2+ 45. Kxh2 Qf2+ 0-1

[Event "44th Chess Olympiad Open 2022"]
[Site "Chennai"]
[Date "2022.08.08"]
[Round "10.68"]
[White "Mannhart, Marcel"]
[Black "Van den Brink, Peter"]
[Result "0-1"]
[WhiteElo "2110"]
[BlackElo "2167"]
[Annotator "NA RC"]
[PlyCount "28"]
[EventDate "2022.??.??"]
[TimeControl "60"]

1. Nc3 c5 2. e4 g6 3. d4 cxd4 4. Qxd4 Nf6 5. Be3 Nc6 6. Qd2 Bg7 7. f3 d6 8. Bh6 Bxh6 9. Qxh6 Be6 10. O-O-O Qa5 11. Kb1 O-O-O 12. Qd2 d5 13. Nxd5 Nxd5 14. Qxa5 Nc3+ 0-1

[Event "44th Chess Olympiad Open 2022"]
[Site "Chennai"]
[Date "2022.08.08"]
[Round "10.68"]
[White "Jelic, Dejan"]
[Black "Pesqueira, Jose"]
[Result "1/2-1/2"]
[WhiteElo "1905"]
[BlackElo "1809"]
[Annotator "NA RC"]
[PlyCount "98"]
[EventDate "2022.??.??"]
[TimeControl "60"]

1. d4 g6 2. c4 Bg7 3. Nc3 d6 4. Nf3 e5 5. dxe5 dxe5 6. Qxd8+ Kxd8 7. Bg5+ f6 8. O-O-O+ Bd7 9. Bh4 Kc8 10. e3 g5 11. Bg3 h5 12. h3 Ne7 13. Be2 Nf5 14. Bh2 Na6 15. Nd2 Nc5 16. g4 hxg4 17. hxg4 Nh4 18. Bg3 c6 19. b4 Ne6 20. a4 Kc7 21. Nde4 Ng6 22. Kc2 Rxh1 23.
Rxh1 Rh8 24. Rxh8 Nxh8 25. a5 Nf7 26. c5 b6 27. axb6+ axb6 28. cxb6+ Kxb6 29. Na4+ Kc7 30. Nac5 Bc8 31. f3 Nd6 32. Nxd6 Kxd6 33. Ne4+ Kc7 34. Be1 Nd8 35. b5 cxb5 36. Ba5+ Kd7 37. Bxb5+ Nc6 38. Kc3 Bb7 39. Kc4 Ke7 40. Bb6 Kf8 41. Nd6 Ba8 42. Kc5 Ne7 43. e4 Kg8 44. Bd8 Bf8 45. Bd7 Kg7 46. Bc7 Ng6 47. Bb5 Bb7 48. Kb6 Bxd6 49. Bxd6 Bc8 1/2-1/2

[Event "44th Chess Olympiad Open 2022"]
[Site "Chennai"]
[Date "2022.08.08"]
[Round "10.68"]
[White "Croes, Octavio"]
[Black "Iclicki, Willy"]
[Result "1-0"]
[WhiteElo "1794"]
[BlackElo "1975"]
[Annotator "NA RC"]
[PlyCount "85"]
[EventDate "2022.??.??"]
[TimeControl "60"]

1. d4 d5 2. c4 c6 3. Nf3 Nf6 4. g3 e6 5. Bg2 Nbd7 6. O-O Bd6 7. Nbd2 O-O 8.
Qc2 Re8 9. e4 dxe4 10. Nxe4 Nxe4 11. Qxe4 e5 12. dxe5 Nxe5 13.
Nxe5 Bxe5 14. Re1 Bd7 15. Qc2 Qf6 16. Be4 h6 17. Rb1 Bh3 18.
Be3 Rad8 19. Bxa7 Ra8 20. Bc5 Re6 21. Qd3 Rd8 22. Qf3 Qxf3 23.
Bxf3 Bf5 24. Be4 Bxe4 25. Rxe4 Rd2 26. Rbe1 Bf6 27. Rxe6 fxe6 28. Rxe6 Rxb2 29. Re8+ Kh7 30. Rb8 Rxa2 31.
Rxb7 Rc2 32. Rb4 Kg6 33. Be3 Kf5 34. c5 Ke6 35. Rb7 Kd5 36.
Rd7+ Kc4 37. Rd6 Bb2 38. Rxc6 Kb5 39. Rc8 Bf6 40. Rb8+ Kc6 41. Rb6+ Kd7 42. Bxh6 Bd4 43. Rd6+ 1-0

[Event "44th Chess Olympiad Open 2022"]
[Site "Chennai"]
[Date "2022.08.08"]
[Round "10.68"]
[White "Stetsenko, Ilya"]
[Black "Frick, Renato"]
[Result "1-0"]
[WhiteElo "1683"]
[BlackElo "1900"]
[Annotator "NA RC"]
[PlyCount "117"]
[EventDate "2022.??.??"]
[TimeControl "60"]

1. e4 c5 2. Nf3 Nc6 3. d4 cxd4 4. Nxd4 g6 5. c4 Bg7 6. Be3 Nf6 7. Nc3 O-O 8. Be2 d6 9. O-O Bd7 10. Qd2 Ng4 11. Bxg4 Bxg4 12. f3 Be6 13. Nd5 Rc8 14. Rac1 Bd7 15. b3 Re8 16. Rfd1 h5 17. Nb5 Be6 18. Nxa7 Nxa7 19. Bxa7 Bxd5 20. exd5 e5 21. dxe6 Rxe6 22. Bd4 Bf8 23. Bb2 Kh7 24. f4 Qh4 25. Qf2 Qg4 26. h3 Qf5 27. Rd5 Qe4 28.
Qc2 Qe3+ 29. Kh1 Qxf4 30. Rxh5+ Bh6 31. Rg1 Qe4 32. Qxe4 Rxe4 33. Rb5 Re2 34. Ba3 Bf4 35. Rxb7 Kg7 36. Rf1 g5 37. Bc1 Bxc1 38. Rxc1 Rxa2 39. Rf1 Rf8 40. Rd1 Re8 41. Rd3 Ree2 42. Rg3 Kg6 43. h4 f6 44. hxg5 fxg5 45. Rb5 Re5 46. Rxe5 dxe5 47. Rc3 Kf5 48. c5 g4 49. g3 Ra8 50. c6 Ke6 51. b4 Kd6 52. b5 Kc7 53.
Kg2 Ra2+ 54. Kf1 Rb2 55. Rc5 Rb3 56. Rxe5 Rxg3 57. Re7+ Kd8 58. Rd7+ Kc8 59. b6 1-0